 Dungeon Crawl Stone Soup version 0.15.2 (webtiles) character file.

450 HopeRidesAlone the Insei (level 6, 0/47 HPs)
             Began as a Mummy Monk on Nov 2, 2015.
             Slain by a centaur (3 damage)
             ... on Level 5 of the Dungeon.
             The game lasted 00:08:28 (4799 turns).

HopeRidesAlone the Insei (Mummy Monk)               Turns: 4799, Time: 00:08:28

HP   0/47        AC  5     Str 14      XL: 6   Next: 74%
MP   6/6         EV  9     Int  9      God:
Gold 164         SH  0     Dex 16      Spells:  0 memorised,  5 levels left

rFire  x . .     SeeInvis .       - Unarmed
rCold  + . .     Clarity  .     c - +0 ring mail
rNeg   + + +     rCorr    .     (no shield)
rPois  +         rRot     +     (no helmet)
rElec  .         Spirit   .     (no cloak)
SustAb .         Warding  .     (no gloves)
rMut   .         Stasis   .     (no boots)
Gourm  .                        (no amulet)
MR     .....                    (no ring)
                                i - +3 ring of slaying

@: not resistant to hostile enchantments, very unstealthy
A: no food or potions, fire vulnerability, restore body, cold resistance 1,
negative energy resistance 3, poison resistance, torment resistance, unbreathing
a: no special abilities


You were on level 5 of the Dungeon.
You were not hungry.

You visited 2 branches of the dungeon, and saw 6 of its levels.

You collected 164 gold pieces.


Innate Abilities, Weirdness & Mutations

You do not eat or drink.
Your flesh is vulnerable to fire.
Your flesh is cold resistant.
You are immune to negative energy.
Your system is resistant to poisons.
You are immune to unholy pain and torment.
You can survive without breathing.


   Skills:
 - Level 3.0 Fighting
 - Level 2.4 Dodging
 - Level 1.5 Stealth
 + Level 6.8 Unarmed Combat


You had 5 spell levels left.
You didn't know any spells.

Inventory:

Hand weapons
 n - a +0 blowgun
Missiles
 k - 20 poisoned needles (quivered)
Armour
 a - a +0 robe
 c - a +0 ring mail (worn)
Scrolls
 b - a scroll of enchant armour {unknown}
 d - a scroll of identify {unknown}
 e - 2 scrolls of remove curse {unknown}
 f - a scroll of fog {unknown}
 g - a scroll of noise {unknown}
 h - 3 scrolls of amnesia {unknown}
 j - a scroll of fear {unknown}
 l - 2 scrolls of magic mapping {unknown}
 o - a scroll of teleportation {unknown}
 p - a scroll of blinking {unknown}
 q - a scroll of recharging {unknown}
Jewellery
 i - a +3 ring of slaying (left hand)
 m - an uncursed amulet of resist corrosion {unknown}

Dungeon Overview and Level Annotations

Branches:
Dungeon (5/15)             Temple (1/1) D:4

Altars:
Ashenzari
Cheibriados
Dithmenos
Fedhas
Kikubaaqudgha
Nemelex Xobeh
Okawaru
Sif Muna
Trog
Vehumet
Xom
Yredelemnul
Zin

Annotations:
D:4 Grinder

#.## #.# #b..
#....##.###c..
#....(..K(#
####b####.# #c## #..
#..# ##. ########
##(## #. #.%....#
#.(###. #..M...#
##...#.
#...c..##########...
#...b?...K.......(..
#......############.
#......# #. #......#
## ##.##### #) #####
#. .....


You could see a centaur, a bat and a kobold.


Message History

You see here an arrow.
The centaur shoots an arrow.
The arrow hits you but does no damage.
You see here an arrow.
The centaur shoots an arrow.
The arrow closely misses you.
Found a scroll labeled LUAHUE TAER.
The bat hits you.
* * * LOW HITPOINT WARNING * * *
The bat hits you but does no damage. The bat hits you.
* * * LOW HITPOINT WARNING * * *
The bat hits you but does no damage.
Found a stone staircase leading down.
The bat hits you.
* * * LOW HITPOINT WARNING * * *
Found a bread ration.
The bat barely misses you. The bat hits you but does no damage.
The bat completely misses you. The bat closely misses you.
The bat hits you but does no damage.
Found a falchion.
The bat barely misses you. The bat hits you.
* * * LOW HITPOINT WARNING * * *
The bat hits you but does no damage.
The centaur unwields an uncursed shortbow.
The centaur closely misses you.
There is a stone staircase leading down here.
The bat hits you.
* * * LOW HITPOINT WARNING * * *
The centaur hits you.
You die...

Action                   |  1- 3 |  4- 6 || total
-------------------------+-------+-------++-------
Melee: Unarmed           |   166 |   201 ||   367
 Fire: Blowgun           |       |    13 ||    13
 Stab: Sleeping          |     1 |       ||     1

Vault maps used:
D:1:      sevenhm_arrival_forest_fort_large_1, minmay_surrounded
D:2:      old_standard_altar, kennysheep_small_spiral
D:3:      kiku_gazebo_pond_becter, yredelemnul_altar_generic
D:4:      kennysheep_mini, minmay_temple_entry_hall, uniq_grinder
D:5:      first_bread
Temple:   circular_temple_12

Notes
Turn   | Place    | Note
--------------------------------------------------------------
     0 | D:1      | HopeRidesAlone, the Mummy Monk, began the quest for the Orb.
     0 | D:1      | Reached XP level 1. HP: 18/18 MP: 1/1
   329 | D:1      | Reached XP level 2. HP: 21/24 MP: 2/2
   635 | D:1      | Reached skill level 4 in Unarmed Combat
   870 | D:1      | Reached XP level 3. HP: 15/29 MP: 3/3
  1683 | D:2      | Reached XP level 4. HP: 35/35 MP: 4/4
  2336 | D:2      | Found a snail-covered altar of Cheibriados.
  2713 | D:3      | Reached skill level 5 in Unarmed Combat
  2762 | D:3      | Found a basalt altar of Yredelemnul.
  2858 | D:3      | Found an ancient bone altar of Kikubaaqudgha.
  3054 | D:2      | Reached XP level 5. HP: 29/41 MP: 5/5
  3437 | D:4      | Found a staircase to the Ecumenical Temple.
  3545 | D:4      | Reached skill level 6 in Unarmed Combat
  3586 | D:4      | Reached XP level 6. HP: 13/47 MP: 6/6
  3871 | D:4      | Found an iron altar of Okawaru.
  3923 | D:4      | Noticed Grinder
  3982 | Temple   | Entered the Ecumenical Temple
  4185 | D:4      | Paralysed by Grinder for 6 turns
  4315 | D:4      | Paralysed by Grinder for 3 turns
  4404 | D:5      | Entered Level 5 of the Dungeon
  4792 | D:5      | HP: 4/47 [bat (1)]
  4797 | D:5      | HP: 4/47 [bat (1)]
  4799 | D:5      | Slain by a centaur

Vanquished Creatures
  A sky beast (D:4)
  A scorpion (D:3)
  A crimson imp (D:5)
  An orc wizard (D:2)
  2 worker ants
  A worker ant zombie (D:3)
  6 adders
  4 gnolls (D:4)
  2 worms
  An adder skeleton (D:5)
  3 giant geckos
  An ooze (D:4)
  6 orcs
  A ball python (D:2)
  2 giant cockroaches
  9 hobgoblins
  4 jackals (D:1)
  4 quokkas
  13 bats
  5 giant newts
  8 goblins
  A goblin skeleton (D:5)
  11 kobolds
  12 rats
100 creatures vanquished.
